| TOP OF THE 1ST |
|
Chicago (APP) Cubs batting - Pitching for Danville Braves : RHP Andrew Stanek
|
|
Pitching: RHP Andrew Stanek
|
|
|
Batting: SHB Jim Lloyd
|
0-0: Ball 1-0: Fly out, F9 (Flyball, 9, EV 90.0 MPH)
|
|
Batting: RHB Dustin Goldsborough
|
0-0: Ball 1-0: Foul Ball, location: 2F 1-1: Foul Ball, location: 2F 1-2: Strikes out swinging
|
|
Batting: RHB Mike Stein
|
0-0: Called Strike 0-1: SINGLE (Groundball, 4MD, EV 109.4 MPH)
|
|
Batting: RHB Andy Baumhardt
|
0-0: Called Strike 0-1: Foul Ball, location: 2F 0-2: Ball 1-2: Foul Ball, location: 2F 1-2: Ball 2-2: Fly out, F8 (Flyball, 78D, EV 90.0 MPH)
|
| Top of the 1st over - 0 runs, 1 hit, 0 errors, 1 left on base; Chicago (APP) 0 - Danville 0 |
| BOTTOM OF THE 1ST |
|
Danville Braves batting - Pitching for Chicago (APP) Cubs : RHP Bobby Almonte
|
|
Pitching: RHP Bobby Almonte
|
|
|
Batting: RHB Danny Dimas
|
0-0: Called Strike 0-1: Ball 1-1: SINGLE (Flyball, 89S, EV 81.9 MPH)
|
|
Batting: LHB Mitsujiro Tanaka
|
0-0: Called Strike 0-1: Ball Danny Dimas steals 2nd base (no throw) 1-1: Called Strike 1-2: Foul Ball, location: 2F 1-2: SINGLE (Groundball, 4S, EV 68.8 MPH) (infield hit) Danny Dimas to third
|
|
Batting: LHB Ivan Castillo
|
0-0: Called Strike 0-1: Foul Ball, location: 2F 0-2: Ball 1-2: 3-RUN HOME RUN (Flyball, 89XD, EV 101.9 MPH), Distance : 381 ft
|
|
Batting: RHB Carlos Livas
|
0-0: Ball 1-0: SOLO HOME RUN (Flyball, 78XD, EV 102.5 MPH), Distance : 394 ft
|
|
Batting: RHB Rodolfo Cosme
|
0-0: Ball 1-0: Ball 2-0: Ball 3-0: Called Strike 3-1: SOLO HOME RUN (Flyball, 78XD, EV 94.4 MPH), Distance : 375 ft
|
|
Batting: RHB Richard Saquic
|
0-0: Ball 1-0: Ball 2-0: Ball 3-0: Called Strike 3-1: Foul Ball, location: 2F 3-2: Base on Balls
|
|
Batting: LHB Diego Garcia
|
0-0: Ball 1-0: Ball Wild Pitch! Richard Saquic to second 2-0: Foul Ball, location: 2F 2-1: Ball 3-1: Swinging Strike 3-2: SINGLE (Groundball, 4MD, EV 95.6 MPH) Richard Saquic to third
|
|
Batting: RHB Paul Holland
|
0-0: SINGLE (Groundball, 6MD, EV 106.2 MPH) Richard Saquic scores Diego Garcia to second
|
|
Batting: RHB Aaron Sartini
|
0-0: Foul Ball, location: 2F 0-1: Swinging Strike 0-2: Ball 1-2: Ball 2-2: Ball 3-2: Foul Ball, location: 2F 3-2: Foul Ball, location: 2F 3-2: SINGLE (Groundball, 6M, EV 107.5 MPH) (infield hit) Diego Garcia to third Paul Holland to second
|
|
Batting: RHB Danny Dimas
|
0-0: Ball 1-0: Ball 2-0: Swinging Strike 2-1: Ball 3-1: Foul Ball, location: 2F 3-2: Foul Ball, location: 2F 3-2: Strikes out swinging
|
|
Batting: LHB Mitsujiro Tanaka
|
0-0: Ball 1-0: Called Strike 1-1: Called Strike 1-2: Ball 2-2: Strikes out swinging
|
|
Batting: LHB Ivan Castillo
|
0-0: SINGLE (Groundball, 56S, EV 73.1 MPH) (infield hit) Diego Garcia scores Paul Holland to third Aaron Sartini to second
|
|
Batting: RHB Carlos Livas
|
0-0: Called Strike 0-1: Fielders Choice at 2nd, 6-4 (Groundball, 56, EV 83.8 MPH)
|
| Bottom of the 1st over - 7 runs, 9 hits, 0 errors, 3 left on base; Chicago (APP) 0 - Danville 7 |
| TOP OF THE 2ND |
|
Chicago (APP) Cubs batting - Pitching for Danville Braves : RHP Andrew Stanek
|
|
Batting: RHB Juan Lira
|
0-0: Swinging Strike 0-1: Ball 1-1: Foul Ball, location: 2F 1-2: Ball 2-2: Ball 3-2: Strikes out swinging
|
|
Batting: LHB Jose Mafano
|
0-0: Called Strike 0-1: Foul Ball, location: 2F 0-2: Ball 1-2: Strikes out swinging
|
|
Batting: RHB Andy Villarreal
|
0-0: Called Strike 0-1: Hit by Pitch
|
|
Batting: RHB Lencho Otieno
|
0-0: Ball 1-0: Ball Andy Villarreal is caught stealing 2nd base 2-4
|
| Top of the 2nd over - 0 runs, 0 hits, 0 errors, 0 left on base; Chicago (APP) 0 - Danville 7 |
| BOTTOM OF THE 2ND |
|
Danville Braves batting - Pitching for Chicago (APP) Cubs : RHP Bobby Almonte
|
|
Batting: RHB Rodolfo Cosme
|
0-0: Swinging Strike 0-1: Ball 1-1: Swinging Strike 1-2: Foul Ball, location: 2F 1-2: Strikes out swinging
|
|
Batting: RHB Richard Saquic
|
0-0: Foul Ball, location: 2F 0-1: Called Strike 0-2: Strikes out swinging
|
|
Pitching: RHP Masato Iwase
|
|
|
Batting: LHB Diego Garcia
|
0-0: Called Strike 0-1: Ball 1-1: SOLO HOME RUN (Flyball, 7D, EV 95.6 MPH), Distance : 355 ft
|
|
Batting: RHB Paul Holland
|
0-0: Foul Ball, location: 2F 0-1: Ball 1-1: Ball 2-1: Ball 3-1: Called Strike 3-2: Base on Balls
|
|
Batting: RHB Aaron Sartini
|
0-0: Called Strike 0-1: Ball 1-1: Ball 2-1: Swinging Strike 2-2: Foul Ball, location: 2F 2-2: Ball 3-2: Foul Ball, location: 2F 3-2: Strikes out swinging
|
| Bottom of the 2nd over - 1 run, 1 hit, 0 errors, 1 left on base; Chicago (APP) 0 - Danville 8 |
| TOP OF THE 3RD |
|
Chicago (APP) Cubs batting - Pitching for Danville Braves : RHP Andrew Stanek
|
|
Batting: RHB Lencho Otieno
|
0-0: Ball 1-0: Called Strike 1-1: Ball 2-1: Foul Ball, location: 2F 2-2: Ground out 4-3 (Groundball, 4, EV 110.6 MPH)
|
|
Batting: RHB Jorge Gonzalez
|
0-0: Called Strike 0-1: Ball 1-1: Swinging Strike 1-2: Strikes out swinging
|
|
Batting: SHB Jim Lloyd
|
0-0: Swinging Strike 0-1: Ball 1-1: Foul Ball, location: 2F 1-2: Foul Ball, location: 2F 1-2: Ball 2-2: Fly out, F7 (Flyball, 7D, EV 93.8 MPH)
|
| Top of the 3rd over - 0 runs, 0 hits, 0 errors, 0 left on base; Chicago (APP) 0 - Danville 8 |
| BOTTOM OF THE 3RD |
|
Danville Braves batting - Pitching for Chicago (APP) Cubs : RHP Masato Iwase
|
|
Batting: RHB Danny Dimas
|
0-0: SINGLE (Line Drive, 9S, EV 102.5 MPH)
|
|
Batting: LHB Mitsujiro Tanaka
|
0-0: Called Strike 0-1: Foul Ball, location: 2F 0-2: Foul Ball, location: 2F 0-2: Foul Ball, location: 2F 0-2: Foul Ball, location: 2F 0-2: Ball 1-2: SINGLE (Flyball, 4D, EV 86.9 MPH) Danny Dimas to second
|
|
Batting: LHB Ivan Castillo
|
0-0: Foul Ball, location: 2F 0-1: Ball 1-1: Ball 2-1: Called Strike 2-2: Ball 3-2: Foul Ball, location: 2F 3-2: Foul Ball, location: 2F 3-2: Foul Ball, location: 2F 3-2: Base on Balls Danny Dimas to third Mitsujiro Tanaka to second
|
|
Batting: RHB Carlos Livas
|
0-0: Hit by Pitch Danny Dimas scores Mitsujiro Tanaka to third Ivan Castillo to second
|
|
Batting: RHB Rodolfo Cosme
|
0-0: Ball 1-0: Ball 2-0: Ball 3-0: Base on Balls Mitsujiro Tanaka scores Ivan Castillo to third Carlos Livas to second
|
|
Batting: RHB Richard Saquic
|
0-0: Swinging Strike 0-1: Ball 1-1: Ball 2-1: Foul Ball, location: 2F 2-2: SINGLE (Groundball, 6S, EV 66.9 MPH) (infield hit) Ivan Castillo scores Carlos Livas to third Rodolfo Cosme to second
|
|
Batting: LHB Diego Garcia
|
0-0: Ball 1-0: Ground out 6-3 (Groundball, P, EV 84.4 MPH) Carlos Livas scores Rodolfo Cosme to third Richard Saquic to second
|
|
Batting: RHB Paul Holland
|
0-0: SINGLE (Flyball, 34D, EV 97.5 MPH) Rodolfo Cosme scores Richard Saquic to third
|
|
Batting: RHB Aaron Sartini
|
0-0: Swinging Strike 0-1: Ball 1-1: Swinging Strike 1-2: Strikes out looking
|
|
Batting: RHB Danny Dimas
|
0-0: Called Strike 0-1: Swinging Strike 0-2: Ball 1-2: Strikes out swinging
|
| Bottom of the 3rd over - 5 runs, 4 hits, 0 errors, 2 left on base; Chicago (APP) 0 - Danville 13 |
| TOP OF THE 4TH |
|
Chicago (APP) Cubs batting - Pitching for Danville Braves : RHP Andrew Stanek
|
|
Batting: RHB Dustin Goldsborough
|
0-0: Ball 1-0: Ball 2-0: Called Strike 2-1: Foul Ball, location: 2F 2-2: Strikes out swinging
|
|
Batting: RHB Mike Stein
|
0-0: Ground out 6-3 (Groundball, 6S, EV 72.5 MPH)
|
|
Batting: RHB Andy Baumhardt
|
0-0: Ball 1-0: Ground out 6-3 (Groundball, 6, EV 104.4 MPH)
|
| Top of the 4th over - 0 runs, 0 hits, 0 errors, 0 left on base; Chicago (APP) 0 - Danville 13 |
| BOTTOM OF THE 4TH |
|
Danville Braves batting - Pitching for Chicago (APP) Cubs : RHP Masato Iwase
|
|
Batting: LHB Mitsujiro Tanaka
|
0-0: Ball 1-0: Ball 2-0: Ball 3-0: Called Strike 3-1: Base on Balls
|
|
Batting: LHB Ivan Castillo
|
0-0: Ball 1-0: Ball 2-0: Swinging Strike 2-1: Ball 3-1: Base on Balls Mitsujiro Tanaka to second
|
|
Batting: RHB Carlos Livas
|
0-0: Ball 1-0: Called Strike 1-1: Ball 2-1: Ball Wild Pitch! Mitsujiro Tanaka to third Ivan Castillo to second 3-1: Base on Balls
|
|
Batting: RHB Rodolfo Cosme
|
0-0: Foul Ball, location: 2F 0-1: Ball 1-1: GRAND SLAM HOME RUN (Flyball, 78XD, EV 96.9 MPH), Distance : 370 ft
|
|
Batting: RHB Richard Saquic
|
0-0: Ball 1-0: Ball 2-0: Foul Ball, location: 2F 2-1: Called Strike 2-2: Strikes out swinging
|
|
Batting: LHB Diego Garcia
|
0-0: Called Strike 0-1: Ball 1-1: Called Strike 1-2: Foul Ball, location: 2F 1-2: Ball 2-2: Foul Ball, location: 2F 2-2: Ball 3-2: Base on Balls
|
|
Batting: RHB Paul Holland
|
0-0: SINGLE (Line Drive, 56D, EV 98.1 MPH) Diego Garcia to second
|
|
Batting: RHB Aaron Sartini
|
0-0: Ball 1-0: Ball 2-0: Swinging Strike 2-1: Ball Passed Ball! Diego Garcia to third Paul Holland to second 3-1: Foul Ball, location: 2F 3-2: Strikes out swinging
|
|
Batting: RHB Danny Dimas
|
0-0: Ball 1-0: Fly out, F8 (Flyball, 78M, EV 85.6 MPH)
|
| Bottom of the 4th over - 4 runs, 2 hits, 0 errors, 2 left on base; Chicago (APP) 0 - Danville 17 |
| TOP OF THE 5TH |
|
Chicago (APP) Cubs batting - Pitching for Danville Braves : RHP Andrew Stanek
|
|
Batting: RHB Juan Lira
|
0-0: Swinging Strike 0-1: Foul Ball, location: 2F 0-2: Ball 1-2: Strikes out swinging
|
|
Batting: LHB Jose Mafano
|
0-0: Foul Ball, location: 2F 0-1: Ball 1-1: Ball 2-1: Swinging Strike 2-2: Strikes out swinging
|
|
Batting: RHB Andy Villarreal
|
0-0: Ball 1-0: Ball 2-0: Ground out 4-3 (Groundball, 34, EV 104.4 MPH)
|
| Top of the 5th over - 0 runs, 0 hits, 0 errors, 0 left on base; Chicago (APP) 0 - Danville 17 |
| BOTTOM OF THE 5TH |
|
Danville Braves batting - Pitching for Chicago (APP) Cubs : RHP Masato Iwase
|
|
Batting: LHB Mitsujiro Tanaka
|
0-0: Fly out, F8 (Flyball, 89M, EV 93.1 MPH)
|
|
Batting: LHB Ivan Castillo
|
0-0: Called Strike 0-1: Foul Ball, location: 2F 0-2: Ball 1-2: Ball 2-2: Ball 3-2: Foul Ball, location: 2F 3-2: Base on Balls
|
|
Batting: RHB Carlos Livas
|
0-0: DOUBLE (Line Drive, 89XD, EV 109.4 MPH) Ivan Castillo to third
|
|
Batting: RHB Rodolfo Cosme
|
0-0: Called Strike 0-1: Ball 1-1: Swinging Strike 1-2: Ball 2-2: Foul Ball, location: 2F 2-2: Foul Ball, location: 2F 2-2: Strikes out swinging
|
|
Batting: RHB Richard Saquic
|
0-0: Ball Wild Pitch! Ivan Castillo scores Carlos Livas to third 1-0: Swinging Strike 1-1: Ball 2-1: Ball 3-1: Base on Balls
|
|
Batting: LHB Diego Garcia
|
0-0: Ball 1-0: Ball 2-0: Ball 3-0: Base on Balls Richard Saquic to second
|
|
Batting: RHB Paul Holland
|
0-0: Swinging Strike 0-1: Ball 1-1: Ball 2-1: Foul Ball, location: 2F 2-2: Foul Ball, location: 2F 2-2: Ball 3-2: Foul Ball, location: 2F 3-2: Base on Balls Carlos Livas scores Richard Saquic to third Diego Garcia to second
|
|
Batting: RHB Aaron Sartini
|
0-0: Ball 1-0: Foul Ball, location: 2F 1-1: Swinging Strike 1-2: Strikes out swinging
|
| Bottom of the 5th over - 2 runs, 1 hit, 0 errors, 3 left on base; Chicago (APP) 0 - Danville 19 |
| TOP OF THE 6TH |
|
Chicago (APP) Cubs batting - Pitching for Danville Braves : RHP Andrew Stanek
|
|
Batting: RHB Lencho Otieno
|
0-0: Swinging Strike 0-1: Foul Ball, location: 2F 0-2: Ball 1-2: Foul Ball, location: 2F 1-2: Strikes out swinging
|
|
Batting: RHB Jorge Gonzalez
|
0-0: Called Strike 0-1: Swinging Strike 0-2: Ground out 4-3 (Groundball, 4S, EV 83.1 MPH)
|
|
Batting: SHB Jim Lloyd
|
0-0: Ball 1-0: Ball 2-0: Ball 3-0: Called Strike 3-1: Foul Ball, location: 2F 3-2: Strikes out swinging
|
| Top of the 6th over - 0 runs, 0 hits, 0 errors, 0 left on base; Chicago (APP) 0 - Danville 19 |
| BOTTOM OF THE 6TH |
|
Danville Braves batting - Pitching for Chicago (APP) Cubs : RHP Masato Iwase
|
|
Batting: RHB Danny Dimas
|
0-0: SOLO HOME RUN (Flyball, 7D, EV 93.8 MPH), Distance : 370 ft
|
|
Batting: LHB Mitsujiro Tanaka
|
0-0: Ball 1-0: Ground out 6-3 (Groundball, 6, EV 104.4 MPH)
|
|
Batting: LHB Ivan Castillo
|
0-0: SOLO HOME RUN (Flyball, 89XD, EV 107.5 MPH), Distance : 405 ft
|
|
Batting: RHB Carlos Livas
|
0-0: Ball 1-0: Ball 2-0: Ball 3-0: Base on Balls
|
|
Batting: RHB Rodolfo Cosme
|
0-0: Called Strike 0-1: Called Strike 0-2: Ball 1-2: Ball 2-2: Strikes out looking
|
|
Batting: RHB Richard Saquic
|
0-0: Foul Ball, location: 2F 0-1: Ball 1-1: Foul Ball, location: 2F 1-2: Strikes out looking
|
| Bottom of the 6th over - 2 runs, 2 hits, 0 errors, 1 left on base; Chicago (APP) 0 - Danville 21 |
| TOP OF THE 7TH |
|
Chicago (APP) Cubs batting - Pitching for Danville Braves : RHP Andrew Stanek
|
|
Batting: RHB Dustin Goldsborough
|
0-0: Called Strike 0-1: Called Strike 0-2: Ball 1-2: Ball 2-2: Fly out, F8 (Flyball, 8RM, EV 91.2 MPH)
|
|
Batting: RHB Mike Stein
|
0-0: Foul Ball, location: 2F 0-1: Ball 1-1: SINGLE (Line Drive, 8RS, EV 111.2 MPH)
|
|
Batting: RHB Andy Baumhardt
|
0-0: Ball 1-0: Ball 2-0: Swinging Strike 2-1: Ball 3-1: Foul Ball, location: 2F 3-2: Foul Ball, location: 2F 3-2: Fielders Choice at 2nd, 5-4 (Groundball, 56S, EV 86.2 MPH)
|
|
Batting: RHB Juan Lira
|
0-0: Foul Ball, location: 2F 0-1: Ball 1-1: Foul Ball, location: 2F 1-2: Fly out, F8 (Flyball, 8LD, EV 88.1 MPH)
|
| Top of the 7th over - 0 runs, 1 hit, 0 errors, 1 left on base; Chicago (APP) 0 - Danville 21 |
| BOTTOM OF THE 7TH |
|
Danville Braves batting - Pitching for Chicago (APP) Cubs : RHP Masato Iwase
|
|
Batting: LHB Diego Garcia
|
0-0: DOUBLE (Flyball, 78D, EV 99.4 MPH)
|
|
Batting: RHB Paul Holland
|
0-0: Ground out 6-3 (Groundball, 6, EV 103.1 MPH)
|
|
Batting: RHB Aaron Sartini
|
0-0: Ball 1-0: Ball 2-0: Ball 3-0: Base on Balls
|
|
Batting: RHB Danny Dimas
|
0-0: SINGLE (Line Drive, 9S, EV 86.9 MPH) Diego Garcia to third Aaron Sartini to second
|
|
Batting: LHB Mitsujiro Tanaka
|
0-0: Ball 1-0: Ball Wild Pitch! Diego Garcia scores Aaron Sartini to third Danny Dimas to second 2-0: Ball 3-0: Base on Balls
|
|
Batting: LHB Ivan Castillo
|
0-0: Ball 1-0: Foul Ball, location: 2F 1-1: Called Strike 1-2: Strikes out swinging
|
|
Batting: RHB Carlos Livas
|
0-0: Ball Wild Pitch! Aaron Sartini scores Danny Dimas to third Mitsujiro Tanaka to second 1-0: Ball Wild Pitch! Danny Dimas scores Mitsujiro Tanaka to third 2-0: Swinging Strike 2-1: Foul Ball, location: 2F 2-2: Ball 3-2: Strikes out swinging
|
| Bottom of the 7th over - 3 runs, 2 hits, 0 errors, 1 left on base; Chicago (APP) 0 - Danville 24 |
| TOP OF THE 8TH |
|
Chicago (APP) Cubs batting - Pitching for Danville Braves : RHP Andrew Stanek
|
|
Batting: LHB Jose Mafano
|
0-0: Called Strike 0-1: Foul Ball, location: 2F 0-2: Ball 1-2: Strikes out looking
|
|
Batting: RHB Andy Villarreal
|
0-0: Ground out 3-1 (Groundball, 34S, EV 82.5 MPH)
|
|
Batting: RHB Lencho Otieno
|
0-0: Fly out, F8 (Flyball, 8LS, EV 79.4 MPH)
|
| Top of the 8th over - 0 runs, 0 hits, 0 errors, 0 left on base; Chicago (APP) 0 - Danville 24 |
| BOTTOM OF THE 8TH |
|
Danville Braves batting - Pitching for Chicago (APP) Cubs : RHP Masato Iwase
|
|
Batting: RHB Rodolfo Cosme
|
0-0: Swinging Strike 0-1: Swinging Strike 0-2: Ball 1-2: Ball 2-2: Strikes out swinging
|
|
Batting: RHB Richard Saquic
|
0-0: Ground out 6-3 (Groundball, 6, EV 90.6 MPH)
|
|
Batting: LHB Diego Garcia
|
0-0: SINGLE (Groundball, 56D, EV 102.5 MPH)
|
|
Batting: RHB Paul Holland
|
0-0: Reached on error, E6 (Groundball, 6, EV 85.0 MPH) Diego Garcia to second
|
|
Batting: RHB Aaron Sartini
|
0-0: 3-RUN HOME RUN (Flyball, 7LD, EV 96.2 MPH), Distance : 338 ft
|
|
Batting: RHB Danny Dimas
|
0-0: Ground out 6-3 (Groundball, 6, EV 76.9 MPH)
|
| Bottom of the 8th over - 3 runs, 2 hits, 1 error, 0 left on base; Chicago (APP) 0 - Danville 27 |
| TOP OF THE 9TH |
|
Chicago (APP) Cubs batting - Pitching for Danville Braves : RHP Andrew Stanek
|
|
Batting: RHB Jorge Gonzalez
|
0-0: Ball 1-0: Foul Ball, location: 2F 1-1: Ball 2-1: Ball 3-1: Base on Balls
|
|
Batting: SHB Jim Lloyd
|
0-0: Called Strike 0-1: Ball 1-1: Called Strike 1-2: Strikes out looking
|
|
Batting: RHB Dustin Goldsborough
|
0-0: Ball 1-0: Swinging Strike 1-1: Called Strike 1-2: Strikes out swinging
|
|
Pitching: RHP Andrew Hodges
|
|
|
Batting: RHB Mike Stein
|
0-0: Called Strike 0-1: Ball 1-1: Swinging Strike 1-2: Ball 2-2: Strikes out swinging
|
| Top of the 9th over - 0 runs, 0 hits, 0 errors, 1 left on base; Chicago (APP) 0 - Danville 27 |
|